 Dungeon Crawl Stone Soup version 0.27-a0-249-g74f53ef629 (webtiles) character file.

Game seed: 3073766729075302818

164 Borgoz the Slasher (level 5, -9/45 HPs)
             Began as a Ghoul Gladiator on Feb 3, 2021.
             Killed by divine providence
             ... invoked by an orc priest
              (14 damage)
             ... on level 4 of the Dungeon.
             The game lasted 00:02:41 (2253 turns).

Borgoz the Slasher (Ghoul Gladiator)                Turns: 2253, Time: 00:02:41

Health: -9/45      AC:  9    Str: 18    XL:     5   Next: 45%
Magic:  4/4        EV: 12    Int:  3    God:
Gold:   194        SH:  0    Dex: 11    Spells: 4/4 levels left

rFire    + . .     SeeInvis .   a - +0 long sword
rCold    + . .     Faith    .   (no shield)
rNeg     + + +     Spirit   .   q - +0 ring mail
rPois    ∞         Reflect  .   c - +0 helmet
rElec    .         Harm     .   (no cloak)
rCorr    .         Rampage  .   (no gloves)
Will     .....                  h - +2 pair of boots
Stlth    +.........             i - amulet of the acrobat
HPRegen  0.00/turn              g - ring of protection from fire
MPRegen  0.09/turn              (no ring)

@: brilliant
A: claws 1, cold resistance 1, negative energy resistance 3, inhibited
regeneration, torment resistance, unbreathing
a: no special abilities


You were on level 4 of the Dungeon.
You visited 1 branch of the dungeon, and saw 4 of its levels.

You collected 194 gold pieces.

Inventory:

Hand Weapons
 a - a +0 long sword (weapon)
Missiles
 d - 2 throwing nets (quivered)
Armour
 c - a +0 helmet (worn)
 h - a +2 pair of boots (worn)
 q - a +0 ring mail (worn)
Jewellery
 g - a ring of protection from fire (left claw)
 i - an amulet of the acrobat (around neck)
Wands
 f - a wand of acid (8)
Scrolls
 k - a scroll of blinking
 l - 4 scrolls of remove curse {unknown}
 n - 2 scrolls of enchant armour {unknown}
 p - a scroll of immolation {unknown}
 r - a scroll of teleportation {unknown}
Potions
 e - a potion of magic
 m - a potion of brilliance


   Skills:
 + Level 3.3 Fighting
 * Level 4.0 Long Blades
 - Level 1.7 Throwing
 + Level 1.7 Armour
 + Level 3.4 Dodging


You had 4 spell levels left.
You didn't know any spells.
Your spell library was empty.

Dungeon Overview and Level Annotations

Branches:
Dungeon (4/15)
 Temple: D:4-7

Altars:
The Shining One

Annotations:
D:4 2 transporters, WasteTime5's ghost, amateur OgMo


Innate Abilities, Weirdness & Mutations

You thrive by killing the living.
You are immune to poison.
You have sharp fingernails.
Your flesh is cold resistant. (rC+)
You are immune to negative energy. (rN+++)
You do not regenerate when monsters are visible.
You are immune to unholy pain and torment.
You can survive without breathing.


Message History

You hit the adder.
You kill the adder!
Your Long Blades skill increases to level 4!
You hit the orc priest.
The orc priest is heavily wounded.
The orc priest invokes the aid of Beogh against you.
Beogh smites you!
* * * LOW HITPOINT WARNING * * *
You hit the orc priest.
The orc priest is severely wounded.
The orc priest hits you with a +0 hand axe.
* * * LOW HITPOINT WARNING * * *
Throw: 3 throwing nets
Press: ? - help, Q - select action, (/) - cycle Shift-Dir - straight line, f - orc priest
Aim: an orc priest, wielding a +0 hand axe (severely wounded, 56% to hit)
You throw a throwing net.
The throwing net barely misses the orc priest.
The orc priest invokes the aid of Beogh against you.
Beogh smites you!
You die...

#.##8lWoh.8##.#
#..#########...
##.....©.....#
#####...#####
##..# ##.# #.#
#.# #@# #o# #.#
#.. .(. ##.# .#
.#


You could see an orc priest.

Vanquished Creatures
  An orc priest (D:4)
  An orc wizard (D:4)
  A worker ant (D:2)
  An adder (D:4)
  An ooze (D:1)
  A dart slug (D:1)
  2 leopard geckos
  6 orcs
  2 ball pythons
  9 bats
  4 giant cockroaches
  6 goblins
  11 hobgoblins
  9 kobolds
  3 frilled lizards
  4 rats
62 creatures vanquished.

Notes
Turn   | Place    | Note
-------+----------+-------------------------------------------
     0 | D:1      | Borgoz the Ghoul Gladiator began the quest for the Orb.
     0 | D:1      | Reached XP level 1. HP: 17/17 MP: 0/0
   207 | D:1      | Reached XP level 2. HP: 25/25 MP: 1/1
   457 | D:1      | Reached skill level 3 in Long Blades
   657 | D:1      | Reached XP level 3. HP: 30/30 MP: 2/2
   790 | D:2      | Reached skill level 1 in Armour
   967 | D:2      | Found a glowing golden altar of the Shining One.
  1012 | D:2      | Reached XP level 4. HP: 32/37 MP: 3/3
  2154 | D:4      | Noticed WasteTime5's ghost (amateur OgMo)
  2176 | D:4      | Found a transporter.
  2199 | D:4      | Found a transporter.
  2212 | D:4      | Reached XP level 5. HP: 45/45 MP: 4/4
  2251 | D:4      | Reached skill level 4 in Long Blades
  2253 | D:4      | Killed from afar by an orc priest

Illustrated notes

Levels and vault maps discovered:
D:1:      amcnicky_arrival_single_pillar, layout_loops_ring
D:2:      layout_basic, tso_metal_star
D:3:      layout_rooms, hangedman_glass_teeth
D:4:      layout_loops_ring, gammafunk_ghost_arena, lemuel_tele_altar

Skill      XL: |  1  2  3  4  5 |
---------------+----------------+-----
Long Blades    | 3 4 |  4.0
Dodging        | 3 |  3.4
Armour         | 1 |  1.7
Fighting       | 3 |  3.3
Throwing       | |  1.7

Action                   |  1- 3 |  4- 6 || total
-------------------------+-------+-------++-------
Melee: Long sword        |    80 |   125 ||   205
Throw: Throwing net      |       |     1 ||     1
  Use: Scroll            |     4 |     1 ||     5
       Potion            |       |     4 ||     4
Armor: Leather armour    |    30 |    32 ||    62
       Ring mail         |       |    16 ||    16
Dodge: Dodged            |    68 |    74 ||   142
       Rpst.: Long sword |    23 |    20 ||    43

Table legend: (Time is in decaauts)
 A = Elapsed time spent in this place.
 B = Non-inter-level travel time spent in this place.
 C = Inter-level travel time spent in this place.
 D = Time resting spent in this place.
 E = Time spent auto-exploring this place.
 F = Levels seen in this place.
 G = Mean time per level.
                   A        B        C        D        E       F      G
               +--------+--------+--------+--------+--------+-----+--------+
         Total |   2299 |   2215 |     84 |    240 |   1467 |   4 |  574.8 |
       Dungeon |   2299 |   2215 |     84 |    240 |   1467 |   4 |  574.8 |
               +--------+--------+--------+--------+--------+-----+--------+

Top non-repeatable levels by time:
     D:2: 787 daAuts
     D:1: 787 daAuts
     D:3: 482 daAuts
     D:4: 242 daAuts
